 Dungeon Crawl Stone Soup version 0.22-a0-351-g29664b4 (webtiles) character file.

625 Amnesiac the Quickloader (level 7, 0/33 HPs)
             Began as a Spriggan Hunter on Apr 12, 2018.
             Was an Initiate of Okawaru.
             Shot with an arrow by a centaur (13 damage)
             ... on level 5 of the Dungeon.
             The game lasted 00:08:29 (5778 turns).

Amnesiac the Quickloader (Spriggan Hunter)          Turns: 5778, Time: 00:08:31

Health: 0/33       AC:  3    Str: 10    XL:     7   Next: 23%
Magic:  8/8        EV: 18    Int: 13    God:    Okawaru [......]
Gold:   131        SH:  0    Dex: 16    Spells: 6/6 levels left

rFire    . . .     SeeInvis +   b - +0 shortbow
rCold    . . .     Gourm    .   (shield currently unavailable)
rNeg     . . .     Faith    .   c - +1 robe
rPois    .         Spirit   .   (helmet restricted)
rElec    .         Reflect  .   (no cloak)
rCorr    .         Harm     .   (gloves unavailable)
MR       ++...                  (boots unavailable)
Stlth    ++........             (no amulet)
HPRegen  0.11/turn              k - ring of wizardry
MPRegen  0.11/turn              w - ring of protection from magic

@: very quick
A: very small, unfitting armour, see invisible, herbivore, speed 3, slow
metabolism 2
a: Renounce Religion


You were on level 5 of the Dungeon.
You worshipped Okawaru.
Okawaru was noncommittal.
You were not hungry.

You visited 2 branches of the dungeon, and saw 6 of its levels.

You collected 131 gold pieces.

Inventory:

Hand Weapons
 a - a +1 hand crossbow
 b - a +0 shortbow (weapon)
 v - a +0 short sword
 x - a +0 falchion
Missiles
 d - 36 arrows (quivered)
 h - 29 poisoned needles
 t - 8 bolts
Armour
 c - a +1 robe (worn)
Jewellery
 k - a ring of wizardry (left hand)
 w - a ring of protection from magic (right hand)
Scrolls
 g - a scroll of fog {!r, unknown}
 j - a scroll of blinking {!r, unknown}
 l - a scroll of remove curse {!r}
 m - a scroll of amnesia {!r, unknown}
 o - a scroll of magic mapping {!r, unknown}
 q - 3 scrolls of enchant weapon {!r, unknown}
 r - 3 scrolls of identify {!r}
 s - 3 scrolls of teleportation {!r}
Potions
 e - a potion of haste {!q, unknown}
 i - a potion of might {!q, unknown}
 n - a potion of ambrosia {!q, unknown}
 p - a potion of invisibility {!q}
 u - a potion of berserk rage {!q, unknown}
Comestibles
 f - 8 rations


   Skills:
 - Level 1.5 Fighting
 + Level 8.9 Crossbows
 - Level 3.0 Dodging
 - Level 1.5 Stealth


You had 6 spell levels left.
You didn't know any spells.

Dungeon Overview and Level Annotations

Branches:
Dungeon (5/15)             Temple (1/1) D:4

Altars:
Ashenzari
Cheibriados
Dithmenos
Elyvilon
Gozag
Hepliaklqana
Kikubaaqudgha
Makhleb
Nemelex Xobeh
Okawaru
Ru
Sif Muna
Trog
Uskayaw
Vehumet
Wu Jian
Yredelemnul
The Shining One


Innate Abilities, Weirdness & Mutations

You are very small and have problems with some larger weapons.
You are too small for most types of armour.
You have supernaturally acute eyesight. (SInv)
You are a herbivore.
You cover ground extremely quickly.
You need to consume almost no food.


Message History

There is a stone staircase leading up here.
You climb upwards.
There is a stone staircase leading down here.
d - 39 arrows (gained 13)
(D) Dungeon (T) Temple
Where to? (Enter - D:1 @ (x,y), ? - help)
What level of the Dungeon? (default 1, ? - help)
There is a stone staircase leading down here.
You climb downwards.
There is a stone staircase leading up here.
There is a stone staircase leading down here.
You climb downwards.
There is a stone staircase leading up here.
There is a stone staircase leading down here.
You climb downwards.
There is a stone staircase leading up here.
Done exploring.
Done exploring.
Done exploring.
You see here a giant club.
There is a stone staircase leading down here.
There is a stone staircase leading down here.
You see here a war axe.
There is a stone staircase leading up here.
You see here a war axe.
What are your orders? t - Shout!
Orders for allies: a - Attack new target. r - Retreat! s - Stop attacking. g - Guard the area. f - Follow me.
Anything else - Cancel.
Okay, then.
There is a stone staircase leading down here.
You climb downwards.
A centaur comes into view.
The centaur shouts!
You hear a shout!
Found a scroll labeled HEBOIB VYTIB and a ration.
There is a stone staircase leading up here.
A centaur is nearby!
A centaur is nearby!
Firing (i - inventory)
d - 39 arrows (quivered)
Press: ? - help, Shift-Dir - straight line, f - centaur
Aim: a centaur You shoot an arrow.
The arrow hits the centaur.
The centaur is lightly wounded.
The centaur wields a shortbow.
The centaur shoots an arrow.
The arrow barely misses you.
Firing (i - inventory)
d - 38 arrows (quivered)
Press: ? - help, Shift-Dir - straight line, f/p - centaur
Aim: a centaur, wielding a shortbow (lightly wounded)
You shoot an arrow.
The arrow hits the centaur but does no damage.
The centaur is lightly wounded.
The centaur shoots an arrow.
The arrow hits you.
The centaur shoots an arrow.
The arrow closely misses you.
Firing (i - inventory)
d - 37 arrows (quivered)
Press: ? - help, Shift-Dir - straight line, f/p - centaur
Aim: a centaur, wielding a shortbow (lightly wounded)
You shoot an arrow. The arrow hits the centaur.
The centaur is heavily wounded.
The centaur shoots an arrow.
The arrow hits you!
* * * LOW HITPOINT WARNING * * *
The centaur shoots an arrow.
The arrow hits you!
You die...

##.
######...
#......PP
#......Pc
#....#.PP
#......PP
#.......P
#@.?..%..
#.......#
#.......#
#.......#
#.......#
########.


You could see a centaur.

Vanquished Creatures
  2 ogres (D:4)
  A centaur (D:4)
  The ghost of Amnesiac the Bolt Thrower, an amateur SpHu (D:3)
  A hound (D:4)
  2 iguanas
  2 worker ants (D:4)
  9 adders
  An ooze (D:4)
  4 worms
  4 dart slugs
  4 leopard geckos
  3 orcs
  4 bats
  5 giant cockroaches
  7 goblins
  8 hobgoblins
  3 jackals (D:2)
  2 quokkas
  2 ball pythons
  4 frilled lizards
  A jackal skeleton (D:4)
  10 kobolds
  A leopard gecko skeleton (D:4)
  5 rats
86 creatures vanquished.

Notes
Turn   | Place    | Note
-------+----------+-------------------------------------------
     0 | D:1      | Amnesiac the Spriggan Hunter began the quest for the Orb.
     0 | D:1      | Reached XP level 1. HP: 10/10 MP: 2/2
   308 | D:1      | Reached XP level 2. HP: 14/14 MP: 3/3
  1104 | D:2      | Reached skill level 5 in Crossbows
  1104 | D:2      | Reached XP level 3. HP: 16/18 MP: 4/4
  1187 | D:2      | Found a sparkling altar of Nemelex Xobeh.
  1527 | D:2      | Reached XP level 4. HP: 22/22 MP: 5/5
  1651 | D:2      | Found a shadowy altar of Dithmenos.
  1703 | D:2      | Found a hide-covered altar of Uskayaw.
  1704 | D:2      | Found a shattered altar of Ashenzari.
  1861 | D:2      | Reached skill level 6 in Crossbows
  2540 | D:3      | Noticed Amnesiac's ghost (amateur SpHu)
  2618 | D:3      | Killed Amnesiac's ghost
  2618 | D:3      | Reached XP level 5. HP: 25/25 MP: 6/6
  2726 | D:3      | Found an ornate altar of the Wu Jian Council.
  3655 | D:3      | Reached skill level 7 in Crossbows
  4134 | D:4      | Noticed an ogre
  4156 | D:4      | Killed an ogre
  4156 | D:4      | Reached XP level 6. HP: 30/30 MP: 7/7
  4162 | D:4      | Reached skill level 8 in Crossbows
  4327 | D:4      | Found a staircase to the Ecumenical Temple.
  4338 | Temple   | Entered the Ecumenical Temple
  4522 | Temple   | Became a worshipper of Warmaster Okawaru
  4866 | D:4      | Reached XP level 7. HP: 22/33 MP: 8/8
  5775 | D:5      | Entered Level 5 of the Dungeon
  5778 | D:5      | Shot with an arrow by a centaur

Vault maps used:
D:1:      tarquinn_simple_flora_water_a, minmay_tiny_reverse_x
D:2:      nemelex_xobeh_ov_fountains_minmay, grunt_dithmenos_smoke,
          chequers_temple_overflow_statue_of_worship, minmay_liquid_box
D:3:      nicolae_overflow_hidden_temple, first_ration, kennysheep_crisscross,
          minmay_misc_feat_columns
D:4:      temple_hall
D:5:      fedhas_bush_and_centaur_altar, xom_butterflies, serial_shops, shop
Temple:   nicolae_temple_figure_eight

Skill      XL: |  1  2  3  4  5  6 |
---------------+-------------------+-----
Crossbows      | 5 6 7 8 |  8.9
Fighting       | |  1.5
Dodging        | |  3.0
Stealth        | |  1.5

Action                   |  1- 3 |  4- 6 |  7- 9 || total
-------------------------+-------+-------+-------++-------
Melee: Short sword       |    93 |   170 |       ||   263
       Falchion          |       |     9 |     4 ||    13
 Fire: Hand crossbow     |    15 |    87 |     1 ||   103
       Shortbow          |       |       |    22 ||    22
  Use: Scroll            |       |     4 |     2 ||     6
 Stab: Sleeping          |     2 |     7 |     1 ||    10
  Eat: Ration            |       |     2 |       ||     2
Armor: Robe              |    16 |    17 |       ||    33
Dodge: Dodged            |    89 |   174 |     9 ||   272
       Rpst.: Falchion   |       |     4 |     1 ||     5

Table legend:
 A = Spawn XP
 B = Non-spawn XP
 C = Spawn XP percentage of total XP
 D = Spawn monster count
 E = Non-spawn monster count
 F = Spawn count percentage of total count
 G = Total turns spent on level
                    A         B        C        D         E        F      G
               +---------+---------+-------+---------+---------+-------+---------
         Total |       0 |     894 |   0.0 |       0 |      86 |   0.0 |  5778
               +---------+---------+-------+---------+---------+-------+---------
           D:1 |       0 |      38 |   0.0 |       0 |      20 |   0.0 |  1109
           D:2 |       0 |     121 |   0.0 |       0 |      22 |   0.0 |  1327
           D:3 |       0 |     149 |   0.0 |       0 |      23 |   0.0 |  1407
           D:4 |       0 |     586 |   0.0 |       0 |      21 |   0.0 |  1729
               +---------+---------+-------+---------+---------+-------+---------
